 Dungeon Crawl Stone Soup version 0.20.0-15-g7f486f2 (webtiles) character file.

31863 polve the Grappler (level 13, -2/120 HPs)
             Began as a Troll Fighter on July 1, 2017.
             Was the Champion of Qazlal.
             Slain by a 15-headed hydra (3 damage)
             ... on level 5 of the Lair of Beasts.
             The game lasted 00:21:10 (14697 turns).

polve the Grappler (Troll Fighter)                 Turns: 14697, Time: 00:21:11

Health: -2/120     AC: 11    Str: 27    XL:     13   Next: 28%
Magic:  0/16       EV: 17    Int:  4    God:    Qazlal [******]
Gold:   1415       SH: 28    Dex: 13    Spells: 12/12 levels left

rFire    . . .     SeeInvis .     - Unarmed
rCold    . . .     Gourm    +   u - +1 large shield {AC+3}
rNeg     . . .     Faith    .   a - +0 robe
rPois    .         Spirit   +   (helmet restricted)
rElec    .         Reflect  .   i - scarf {Spirit}
rCorr    +         Harm     .   (gloves unavailable)
MR       .....                  (boots unavailable)
Stlth    +.........             f - amulet of rage
Regen    0.7/turn               L - +6 ring of evasion
MPRegen  0.2/turn               Q - ring of resist corrosion

@: protected from physical damage, repel missiles
A: unfitting armour, claws 3, fast metabolism 3, gourmand, regeneration 1,
shaggy fur 1, tough skin 2
a: Upheaval, Elemental Force, Disaster Area, Renounce Religion, Evoke Berserk
Rage


You were on level 5 of the Lair of Beasts.
You worshipped Qazlal.
Qazlal was exalted by your worship.
You were very full.

You visited 3 branches of the dungeon, and saw 16 of its levels.
You also visited: Sewer and Ossuary.

You collected 1415 gold pieces.

Inventory:

Armour
 a - a +0 robe (worn)
 i - a scarf of spirit shield (worn)
 u - a +1 large shield of protection (worn)
Jewellery
 f - an amulet of rage (around neck)
 J - an uncursed ring of protection from fire
 L - a +6 ring of evasion (left claw)
 M - an uncursed ring of magical power {unknown}
 Q - a ring of resist corrosion (right claw)
Wands
 F - a wand of flame (21/48)
 S - a wand of lightning (5/15)
Scrolls
 b - 6 scrolls of enchant weapon
 g - 4 scrolls of blinking
 k - 8 scrolls of remove curse
 m - 3 scrolls of enchant armour
 q - 5 scrolls of recharging
 r - 5 scrolls of immolation
 y - 5 scrolls of magic mapping
 z - 6 scrolls of teleportation
 C - 2 scrolls of fear
 D - a scroll of holy word {unknown}
 G - 2 scrolls of identify
 H - 4 scrolls of amnesia {unknown}
 K - a scroll of fog
 O - a scroll of vulnerability {unknown}
 R - 3 scrolls of torment
Potions
 c - 5 potions of might
 e - 7 potions of curing
 j - 5 potions of brilliance {unknown}
 l - 3 potions of haste {unknown}
 n - 10 potions of heal wounds {unknown}
 o - 2 potions of invisibility {unknown}
 p - 2 potions of lignification {unknown}
 s - 3 potions of agility {unknown}
 t - 6 potions of mutation {unknown}
 w - 2 potions of degeneration {unknown}
 x - 4 potions of flight {unknown}
 A - 4 potions of resistance {unknown}
 E - 3 potions of cancellation {unknown}
 I - a potion of magic {unknown}
 N - 4 potions of berserk rage {unknown}
Comestibles
 d - 10 bread rations
 h - 11 royal jellies
 v - 19 fruits
 B - 4 meat rations


   Skills:
 - Level 6.0 Fighting
 - Level 6.0 Armour
 - Level 6.0 Dodging
 + Level 10.7 Shields
 + Level 13.0 Unarmed Combat
 - Level 6.1 Evocations


You had 12 spell levels left.
You didn't know any spells.

Dungeon Overview and Level Annotations

Branches:
Dungeon (10/15)            Temple (1/1) D:4            Lair (5/6) D:10
  Swamp (0/4) Lair:4       Spider (0/4) Lair:4        Slime (0/5) Lair:5
    Orc (0/2) D:9

Altars:
Ashenzari
Cheibriados
Dithmenos
Elyvilon
Fedhas
Gozag
Hepliaklqana
Kikubaaqudgha
Makhleb
Nemelex Xobeh
Okawaru
Qazlal
Ru
Sif Muna
Trog
Uskayaw
Vehumet
Xom
Yredelemnul
Zin
The Shining One
Beogh


Innate Abilities, Weirdness & Mutations

You are too large for most types of armour.
You have claws for hands.
Your metabolism is lightning-fast.
You like to eat raw meat.
Your natural rate of healing is unusually fast.
You are covered in fur. (AC +1)
You have very tough skin. (AC +2)


Message History

* * * LOW HITPOINT WARNING * * *
The 14-headed hydra closely misses you. The 14-headed hydra bites you.
* * * LOW HITPOINT WARNING * * *
The 14-headed hydra bites you.
* * * LOW HITPOINT WARNING * * *
The 14-headed hydra bites you!
* * * LOW HITPOINT WARNING * * *
You feel more protected from physical attacks.
You block the 14-headed hydra's attack.
You tear one of the 14-headed hydra's heads off!
The 13-headed hydra grows two more!
You claw the 15-headed hydra!
The 15-headed hydra is almost dead.
The crocodile is engulfed in freezing vapours.
The crocodile seems to slow down.
The 15-headed hydra is engulfed in blazing flames.
You block the 15-headed hydra's attack. The 15-headed hydra bites you!
* * * LOW HITPOINT WARNING * * *
You feel more protected from physical attacks.
The 15-headed hydra bites you.
You die...

#.##....................#P....
...............#....#####...#.
..................## #P.##.
###............### ######
##.#.#........[###
###P.#..###...§§§..#
#.......###.§§t.§..#
##.......###P.D§§.##
#≈.......# ##.@..##
#P....≈♣.####..#.#
#♣≈≈≈P≈P.P##....##
♣♣P≈≈♣♣..##..###
♣≈≈P♣#...##..# #PP♣##......##
### ########


You could see a 15-headed hydra and a crocodile.

Vanquished Creatures
  4 hydras
  3 two-headed ogres
  15 death yaks (Lair:3)
  Pikel (D:6)
  An oklob plant (Lair:1)
  3 black mambas
  A torpor snail (Lair:5)
  Psyche (D:8)
  A centaur skeleton (D:10)
  3 spiny frogs
  2 komodo dragons
  A troll (D:10)
  A queen bee (D:8)
  Prince Ribbit (D:8)
  6 blink frogs
  2 hippogriffs (Lair:5)
  6 dream sheep (Lair:4)
  2 basilisks
  A wyvern (Lair:1)
  3 yaks
  Menkaure (D:7)
  2 swamp worms (Lair:4)
  8 water moccasins
  2 hell hounds (D:10)
  3 orc warriors
  11 porcupines
  A black bear (D:7)
  A sky beast (D:8)
  3 slaves (D:6)
  2 phantoms
  An ice beast (D:8)
  3 ogres
  5 wolves (Lair:4)
  2 centaurs
  10 crocodiles
  Blork the orc (D:6)
  6 big kobolds
  11 bullfrogs
  3 wyvern zombies
  2 gnoll sergeants
  2 scorpions
  13 wights
  20 killer bees
  4 howler monkeys
  2 electric eels (Lair:4)
  3 crimson imps
  2 centaur zombies
  2 bullfrog zombies
  3 jellies (Lair:5)
  2 gnoll shamans
  5 bullfrog skeletons
  5 hounds
  14 orc priests
  7 orc wizards
  3 worker ants
  A big kobold zombie (Ossuary)
  A hound skeleton (D:8)
  8 mummies (Ossuary)
  A worker ant zombie (D:8)
  12 gnolls
  A howler monkey skeleton (D:4)
  17 adders
  3 river rats (Sewer)
  2 oozes
  An adder zombie (D:6)
  3 worms
  3 dart slugs
  6 leopard geckos
  37 orcs
  3 bats
  10 giant cockroaches
  A gnoll zombie (Ossuary)
  6 goblins
  13 hobgoblins
  20 jackals
  39 kobolds
  4 quokkas
  5 ball pythons
  5 frilled lizards
  2 hobgoblin zombies (Ossuary)
  A jackal skeleton (D:5)
  3 kobold zombies (Ossuary)
  A leopard gecko skeleton (D:4)
  An orc zombie (Ossuary)
  27 rats
  A plant (Lair:1)
461 creatures vanquished.

Vanquished Creatures (others)
  An orc (D:9)
  7 fungi
  8 plants
16 creatures vanquished.

Grand Total: 477 creatures vanquished

Notes
Turn   | Place    | Note
-------+----------+-------------------------------------------
     0 | D:1      | polve the Troll Fighter began the quest for the Orb.
     0 | D:1      | Reached XP level 1. HP: 22/22 MP: 0/0
   132 | D:1      | Reached XP level 2. HP: 29/29 MP: 1/1
   691 | D:2      | Reached skill level 3 in Unarmed Combat
   768 | D:2      | Reached skill level 1 in Evocations
   768 | D:2      | Reached XP level 3. HP: 18/36 MP: 2/2
   815 | D:2      | Noticed a hand axe
   816 | D:2      | Noticed a dagger
   849 | D:2      | Found a hide-covered altar of Uskayaw.
   910 | D:2      | Found a faded altar of an unknown god.
  1010 | D:2      | Found an iron altar of Okawaru.
  1240 | D:2      | Reached XP level 4. HP: 40/44 MP: 4/4
  1955 | D:3      | Reached skill level 4 in Unarmed Combat
  2145 | D:4      | Reached XP level 5. HP: 43/50 MP: 5/5
  2216 | D:4      | Noticed an orc warrior
  2226 | D:4      | Killed an orc warrior
  2226 | D:4      | Reached XP level 6. HP: 32/59 MP: 5/7
  2235 | D:4      | Reached skill level 5 in Unarmed Combat
  2413 | D:4      | Found a staircase to the Ecumenical Temple.
  2417 | Temple   | Entered the Ecumenical Temple
  2729 | Temple   | Became a worshipper of Qazlal Stormbringer
  2832 | D:4      | Found a glowing drain.
  2847 | Sewer    | Entered a sewer
  2905 | Sewer    | Reached XP level 7. HP: 66/66 MP: 8/8
  2981 | Sewer    | Reached * piety under Qazlal
  2982 | Sewer    | Reached skill level 6 in Unarmed Combat
  3152 | Sewer    | Reached ** piety under Qazlal
  3945 | D:5      | Entered Level 5 of the Dungeon
  3947 | D:5      | Found a sand-covered staircase.
  3958 | Ossuary  | Entered an ossuary
  4246 | D:5      | Found a burning altar of Makhleb.
  4411 | D:5      | Reached skill level 7 in Unarmed Combat
  4411 | D:5      | Reached XP level 8. HP: 74/74 MP: 10/10
  4539 | D:5      | Found a glowing silver altar of Zin.
  4664 | D:5      | Found a snail-covered altar of Cheibriados.
  4782 | D:6      | Noticed Blork the orc
  4786 | D:6      | Killed Blork the orc
  4786 | D:6      | Reached skill level 5 in Evocations
  4988 | D:6      | Noticed Pikel
  4999 | D:6      | Killed Pikel
  4999 | D:6      | Reached skill level 8 in Unarmed Combat
  5121 | D:6      | Reached *** piety under Qazlal
  5616 | D:7      | Reached XP level 9. HP: 81/81 MP: 12/12
  6091 | D:7      | Found a bloodstained altar of Trog.
  6205 | D:7      | Noticed Menkaure
  6206 | D:7      | Killed Menkaure
  6443 | D:8      | Reached skill level 5 in Fighting
  6443 | D:8      | Reached skill level 5 in Shields
  6447 | D:8      | Noticed a queen bee
  6464 | D:8      | Killed a queen bee
  6464 | D:8      | Reached **** piety under Qazlal
  6571 | D:8      | Reached XP level 10. HP: 83/98 MP: 13/13
  6639 | D:8      | Noticed Prince Ribbit
  6653 | D:8      | Killed Prince Ribbit
  6722 | D:8      | Found a shattered altar of Ashenzari.
  6740 | D:8      | Noticed Psyche
  6749 | D:8      | Killed Psyche
  6749 | D:8      | Reached skill level 1 in Armour
  6900 | D:8      | Found a white marble altar of Elyvilon.
  7038 | D:8      | Paralysed by an orc for 6 turns
  7130 | D:8      | Noticed a two-headed ogre
  7141 | D:8      | Killed a two-headed ogre
  7796 | D:9      | Noticed a two-headed ogre
  7804 | D:9      | Killed a two-headed ogre
  7804 | D:9      | Reached skill level 9 in Unarmed Combat
  8051 | D:9      | Found an iron altar of Okawaru.
  8227 | D:9      | Found an ancient bone altar of Kikubaaqudgha.
  8246 | D:9      | Found a staircase to the Orcish Mines.
  8282 | D:9      | Found a roughly hewn altar of Beogh.
  8301 | D:9      | Reached ***** piety under Qazlal
  9031 | D:9      | Noticed a two-headed ogre
  9037 | D:9      | Killed a two-headed ogre
  9037 | D:9      | Reached XP level 11. HP: 88/105 MP: 14/14
  9157 | D:10     | Entered Level 10 of the Dungeon
  9305 | D:10     | Found a staircase to the Lair.
  9445 | D:10     | Reached skill level 10 in Unarmed Combat
 10035 | Lair:1   | Entered Level 1 of the Lair of Beasts
 10194 | Lair:1   | Got a crystal glaive
 10212 | Lair:1   | Reached skill level 5 in Armour
 10613 | Lair:1   | Noticed an oklob plant
 10643 | Lair:1   | Killed an oklob plant
 10878 | Lair:1   | Noticed a five-headed hydra
 10979 | Lair:1   | HP: 1/105 [five-headed hydra (14)]
 11401 | Lair:2   | Noticed a four-headed hydra
 11417 | Lair:2   | Killed a 12-headed hydra
 11811 | Lair:3   | Noticed a seven-headed hydra
 11830 | Lair:3   | Killed a 12-headed hydra
 12044 | Lair:3   | Reached XP level 12. HP: 108/114 MP: 13/15
 12127 | Lair:3   | Reached skill level 5 in Dodging
 12157 | Lair:3   | Noticed a death yak
 12159 | Lair:3   | Noticed a death yak
 12160 | Lair:3   | Noticed a death yak
 12161 | Lair:3   | Noticed a death yak
 12161 | Lair:3   | Noticed a death yak
 12162 | Lair:3   | Noticed a death yak
 12163 | Lair:3   | Noticed a death yak
 12167 | Lair:3   | Noticed a death yak
 12168 | Lair:3   | Noticed a death yak
 12202 | Lair:3   | Killed a death yak
 12211 | Lair:3   | Killed a death yak
 12211 | Lair:3   | Reached skill level 11 in Unarmed Combat
 12215 | Lair:3   | Killed a death yak
 12226 | Lair:3   | Killed a death yak
 12234 | Lair:3   | Killed a death yak
 12246 | Lair:3   | Killed a death yak
 12256 | Lair:3   | Killed a death yak
 12264 | Lair:3   | Killed a death yak
 12266 | Lair:3   | Killed a death yak
 12516 | Lair:3   | Noticed a death yak
 12517 | Lair:3   | Noticed a death yak
 12517 | Lair:3   | Noticed a death yak
 12518 | Lair:3   | Noticed a death yak
 12518 | Lair:3   | Noticed a death yak
 12519 | Lair:3   | Noticed a death yak
 12524 | Lair:3   | Killed a death yak
 12533 | Lair:3   | Killed a death yak
 12535 | Lair:3   | Killed a death yak
 12535 | Lair:3   | Reached ****** piety under Qazlal
 12535 | Lair:3   | Reached skill level 12 in Unarmed Combat
 12538 | Lair:3   | Killed a death yak
 12541 | Lair:3   | Killed a death yak
 12543 | Lair:3   | Killed a death yak
 12543 | Lair:3   | Reached skill level 10 in Shields
 13333 | Lair:4   | Found a staircase to the Swamp.
 13367 | Lair:4   | Noticed an eight-headed hydra
 13375 | Lair:4   | Killed a 13-headed hydra
 13375 | Lair:4   | Reached XP level 13. HP: 97/120 MP: 11/16
 13663 | Lair:4   | Found a hole to the Spider Nest.
 14321 | Lair:5   | Reached skill level 13 in Unarmed Combat
 14422 | Lair:5   | Found a staircase to the Slime Pits.
 14697 | Lair:5   | HP: 1/120 [15-headed hydra (6)]
 14697 | Lair:5   | Slain by a 15-headed hydra

Skill      XL: |  1  2  3  4  5  6  7  8  9 10 11 12 13 |
---------------+----------------------------------------+-----
Unarmed Combat | 3 4 5 7 8 9 10 12 13 | 13.0
Evocations     | 1 2 3 4 6 |  6.1
Fighting       | 3 5 6 |  6.0
Shields        | 3 5 7 8 10 | 10.7
Armour         | 4 5 6 |  6.0
Dodging        | 4 6 |  6.0

Action                   |  1- 3 |  4- 6 |  7- 9 | 10-12 | 13-15 || total
-------------------------+-------+-------+-------+-------+-------++-------
Melee: Unarmed           |    99 |   149 |   462 |   654 |   108 ||  1472
 Abil: Evoke Berserk Rag |       |       |       |     2 |       ||     2
Evoke: Wand              |       |       |       |     9 |       ||     9
  Use: Scroll            |       |       |     5 |     6 |       ||    11
       Potion            |       |       |       |     1 |       ||     1
 Stab: Sleeping          |     1 |     1 |       |       |       ||     2
  Eat: Chunk             |    17 |    14 |    34 |    55 |    20 ||   140
       Fruit             |       |       |       |     2 |     2 ||     4
Armor: Robe              |    19 |    41 |    92 |    52 |    16 ||   220
Dodge: Dodged            |    25 |    34 |    63 |    98 |    41 ||   261
       Deflected         |       |       |       |     3 |       ||     3
Block: Shield            |    42 |    18 |       |       |       ||    60
       Large shield      |       |    80 |   412 |   649 |   156 ||  1297
